Map: White Rabbit LE

Players

sOs - Winner!

  • Race: Protoss Protoss

Scarlett

  • Race: Zerg Zerg

VOD

Have the link to the VOD?

Description

Time

  • Played on: Jan. 17, 2026, 1:02 a.m.
  • Length: 13:59
Show
View Real Time Build Order
Export as new Build Order

sOs Protoss - Winner!

Build Orders: 1 Gate Expand, Oracle Opening, Chargelot Immortal 

Get SALT Encoding   

  12  0:00  Probe  
  13  0:12  Probe  
  14  0:18  Pylon  
  14  0:24  Probe  
  14  0:27  Assimilator  
  15  0:36  Probe  
  16  0:43  Gateway  
  16  0:44  Probe  
  17  0:52  Probe  
  18  1:03  Probe  
  19  1:15  Probe  
  20  1:21  Nexus  
  20  1:27  Probe  
  21  1:37  Cybernetics Core  
  21  1:40  Assimilator  
  21  1:42  Probe  
  22  1:48  Pylon  
  22  1:54  Probe  
  23  2:05  Probe  
  24  2:13  Stargate, Adept, Probe  
  26  2:18  Warp Gate  
  26  2:22  Probe  
  28  2:30  Probe  
  28  2:33  Probe  
  30  2:38  Probe  
  31  2:45  Probe  
  31  2:48  Void Ray  
  31  2:49  Probe  
  33  2:57  Probe  
  38  3:02  Probe  
  39  3:09  Probe  
  40  3:14  Probe  
  40  3:19  Oracle  
  44  3:28  Nexus  
  44  3:30  Pylon  
  44  3:35  Probe x2  
  44  3:38  Assimilator  
  44  3:40  Assimilator  
  46  3:43  Stargate  
  46  3:51  Pylon  
  46  3:52  Probe x2  
  48  4:04  Probe x2  
  48  4:09  Adept  
  52  4:14  Shield Battery  
  52  4:16  Probe  
  57  4:17  Void Ray  
  57  4:18  Probe  
  58  4:29  Probe  
  58  4:30  Probe  
  60  4:37  Adept  
  62  4:41  Probe  
  67  4:45  Probe  
  67  4:46  Probe  
  67  4:47  Void Ray  
  69  4:53  Probe  
  69  4:56  Probe  
  69  4:58  Probe  
  76  5:00  Pylon, Void Ray  
  76  5:02  Probe  
  77  5:18  Probe x2  
  77  5:19  Probe  
  80  5:30  Probe x2  
  80  5:31  Forge, Twilight Council  
  80  5:32  Probe, Void Ray  
  80  5:35  Zealot  
  84  5:37  Pylon  
  84  5:40  Protoss Ground Weapons Level 1  
  85  5:48  Charge  
  85  5:52  Robotics Facility  
  85  5:53  Pylon  
  85  5:54  Probe  
  85  5:55  Probe x2  
  88  6:00  Zealot  
  88  6:03  Pylon  
  90  6:06  Probe  
  90  6:07  Probe  
  92  6:15  Gateway x2  
  92  6:17  Gateway  
  92  6:19  Probe x3, Gateway  
  92  6:21  Gateway  
  92  6:23  Assimilator  
  95  6:26  Assimilator, Zealot  
  95  6:29  Warp Prism  
  97  6:41  Pylon  
  97  6:43  Pylon  
  97  6:46  Pylon  
  99  6:47  Pylon  
  99  6:52  Pylon  
  99  6:53  Void Ray x2  
  99  6:54  Zealot, Pylon  
  109  6:55  Pylon  
  105  7:05  Immortal  
  101  7:11  Zealot x2  
  101  7:14  Photon Cannon, Shield Battery  
  101  7:15  Templar Archives  
  109  7:23  Zealot x4  
  109  7:27  Gateway  
  109  7:29  Gateway  
  117  7:31  Pylon  
  117  7:32  Photon Cannon  
  117  7:35  Immortal  
  117  7:37  Sentry  
  117  7:47  Zealot x4  
  107  7:59  Protoss Ground Weapons Level 2  
  107  8:00  Zealot  
  109  8:07  Zealot x4  
  109  8:12  Void Ray x2, Psionic Storm  
  125  8:28  Zealot x2  
  125  8:29  Zealot, High Templar x3  
  125  8:30  Immortal  
  125  8:31  High Templar  
  143  8:51  Zealot x3  
  145  9:09  Zealot x4  
  149  9:12  Immortal, Zealot x3  
  131  9:32  Zealot x2  
  131  9:33  Zealot x5  
  143  9:43  Immortal  
  130  9:54  Blink  
  130  9:55  Probe x2  
  130  9:56  Probe  
  122  10:00  Zealot x4  
  122  10:01  Zealot x3  
  122  10:05  Protoss Ground Weapons Level 3, Nexus  
  132  10:19  Photon Cannon, Pylon  
  132  10:21  High Templar x4  
  134  10:22  High Templar x2, Observer, Zealot  
  134  10:26  Archon x2  
  134  10:27  Archon  
  147  10:37  Pylon  
  147  10:40  Photon Cannon  
  147  10:51  Zealot  
  147  10:52  Observer  
  147  10:55  Zealot x6  
  164  11:11  Immortal  
  164  11:15  Zealot x2  
  164  11:16  Zealot x5  
  140  11:40  Zealot x5  
  140  11:41  Zealot x2  
  140  11:45  Fleet Beacon  
  144  11:52  Probe x3  
  144  11:54  Probe  
  144  11:57  Photon Cannon  
  144  11:59  Assimilator  
  144  12:01  High Templar  
  144  12:02  High Templar x4  
  144  12:03  High Templar, Observer  
  144  12:04  Assimilator  
  144  12:05  Archon  
  144  12:06  Archon x2  
  157  12:16  Photon Cannon  
  157  12:24  Probe  
  157  12:27  Mothership  
  157  12:29  Photon Cannon  
  158  12:32  Zealot  
  158  12:36  Zealot x6  
  180  13:01  Zealot x4  
  188  13:26  Zealot x5  
  188  13:27  Zealot x2  
  170  13:48  Zealot x6  
Show
View Real Time Build Order
Export as new Build Order

Scarlett Zerg 

Build Orders: Hatch First, Lurkers, Roach Hydra 

Get SALT Encoding   

  12  0:00  Drone  
  13  0:08  Drone  
  13  0:14  Extractor, Drone  
  13  0:21  Overlord  
  15  0:41  Drone  
  16  0:44  Hatchery  
  16  0:48  Drone  
  16  0:51  Drone  
  16  0:55  Drone  
  18  1:05  Extractor  
  18  1:09  Spawning Pool  
  16  1:13  Drone  
  16  1:16  Drone  
  18  1:26  Drone  
  19  1:36  Drone  
  20  1:48  Drone  
  21  1:56  Queen x2  
  21  1:57  Zergling x2  
  21  1:58  Overlord  
  26  2:07  Drone  
  27  2:09  Drone  
  27  2:10  Metabolic Boost  
  28  2:20  Drone x2  
  30  2:28  Drone  
  31  2:32  Drone  
  31  2:33  Queen  
  34  2:42  Hatchery  
  33  2:45  Overlord  
  33  2:47  Drone  
  33  2:49  Drone  
  35  2:53  Overlord  
  35  3:04  Overlord  
  36  3:05  Drone x3  
  36  3:06  Drone x2  
  36  3:09  Drone  
  36  3:12  Drone  
  42  3:16  Queen  
  44  3:22  Queen  
  44  3:25  Drone  
  47  3:27  Drone  
  47  3:32  Zergling x4  
  50  3:36  Spore Crawler  
  50  3:37  Drone  
  50  3:38  Drone x2  
  52  3:42  Overlord  
  52  3:52  Overlord  
  52  3:57  Drone x6  
  58  4:07  Drone x5  
  63  4:10  Drone  
  63  4:12  Drone x3  
  63  4:15  Lair  
  67  4:18  Roach Warren  
  65  4:26  Zergling x6  
  68  4:32  Extractor x2  
  68  4:33  Drone x3, Extractor  
  68  4:37  Drone  
  68  4:49  Drone x6  
  73  4:57  Overlord x2  
  73  4:58  Evolution Chamber  
  73  4:59  Overlord x2  
  72  5:02  Extractor  
  72  5:05  Hatchery  
  72  5:06  Spore Crawler  
  69  5:08  Drone x2  
  69  5:12  Zergling x4  
  73  5:19  Extractor, Evolution Chamber, Drone x2  
  70  5:22  Drone x7  
  70  5:25  Zerg Missile Weapons Level 1  
  70  5:27  Overseer  
  70  5:28  Drone x3  
  80  5:32  Drone, Glial Reconstitution  
  81  5:36  Drone  
  81  5:37  Hydralisk Den  
  81  5:41  Roach x4  
  89  5:43  Drone x3  
  92  5:50  Hatchery  
  92  5:56  Drone  
  91  6:09  Muscular Augments  
  91  6:10  Hydralisk x7  
  105  6:12  Overlord x2  
  105  6:24  Overlord x2  
  105  6:28  Hatchery  
  104  6:33  Hydralisk x4  
  104  6:39  Hydralisk x3  
  117  6:50  Hydralisk x7  
  131  6:58  Hydralisk x3  
  131  6:59  Overlord  
  137  7:07  Hatchery  
  136  7:12  Hydralisk  
  136  7:13  Grooved Spines, Overlord  
  136  7:15  Overlord x3  
  138  7:18  Overseer  
  138  7:20  Roach x2  
  138  7:21  Ravager x3  
  145  7:25  Ravager  
  146  7:33  Drone x4  
  146  7:34  Infestation Pit  
  149  7:40  Zerg Missile Weapons Level 2  
  149  7:41  Drone x4  
  149  7:48  Hydralisk x3  
  145  7:56  Hydralisk x3, Zergling x2  
  145  7:57  Zergling x2  
  140  8:01  Roach x3  
  140  8:03  Zergling x12  
  150  8:15  Hydralisk x4  
  152  8:32  Roach x8  
  168  8:35  Drone x7  
  168  8:37  Overlord  
  175  8:46  Roach x5  
  185  8:51  Roach x2  
  189  9:01  Drone x12  
  195  9:07  Ravager  
  194  9:15  Spine Crawler  
  183  9:17  Hydralisk x5  
  183  9:22  Roach  
  183  9:23  Roach x3  
  175  9:30  Hive  
  169  9:33  Evolution Chamber, Roach x2  
  170  9:45  Hydralisk x5  
  162  9:53  Hydralisk x4  
  159  10:03  Lurker Den  
  159  10:05  Hydralisk x2  
  159  10:07  Spore Crawler, Zergling x20  
  159  10:14  Extractor x2, Queen  
  159  10:15  Queen  
  159  10:18  Drone x3  
  164  10:22  Zerg Ground Armor Level 1  
  164  10:25  Drone x2  
  164  10:26  Drone x2  
  164  10:28  Extractor  
  167  10:30  Extractor  
  167  10:31  Drone x4, Spine Crawler  
  169  10:38  Drone x2  
  169  10:42  Zerg Missile Weapons Level 3  
  171  10:47  Drone x4  
  175  10:50  Spine Crawler x2  
  175  10:53  Adrenal Glands  
  173  11:05  Hydralisk x7  
  173  11:11  Roach x3  
  190  11:16  Hydralisk x3  
  177  11:21  Hydralisk x2  
  169  11:29  Hydralisk x3  
  124  11:49  Lurker  
  124  11:50  Lurker, Hydralisk x5  
  124  11:51  Zergling x12  
  134  11:57  Unknown  
  134  11:58  Lurker  
  134  11:59  Zergling x6  
  138  12:04  Seismic Spines  
  138  12:11  Lurker  
  139  12:16  Queen x2  
  139  12:17  Hatchery  
  139  12:21  Hydralisk x3  
  145  12:34  Hydralisk x6  
  145  12:35  Zergling x2  
  158  12:43  Hatchery  
  157  12:49  Zergling x22  
  157  12:50  Overseer  
  168  12:53  Lurker x2  
  168  12:56  Lurker  
  168  12:57  Overlord x2  
  171  13:01  Lurker  
  172  13:07  Hydralisk x2  
  172  13:09  Overlord  
  172  13:26  Hydralisk x6  
  148  13:27  Hydralisk  
  127  13:34  Hydralisk x3  
  127  13:35  Zergling x8  
  121  13:45  Hatchery  
Tags
 
Add a new tag
Caveats
  • Supply blocks, unpowered buildings, or Contaminate may cause inaccurate times.
  • Supply counts are checked every 10 seconds.